 Dungeon Crawl Stone Soup version 0.23.2-1-ga50397a (webtiles) character file.

Game seed: 17084506626422575831

73466 Fang the Fighter (level 15, 0/101 HPs)
             Began as a Gargoyle Berserker on May 14, 2019.
             Was the Champion of Trog.
             Slain by a 13-headed hydra (4 damage)
             ... on level 15 of the Dungeon.
             The game lasted 00:23:20 (17514 turns).

Fang the Fighter (Gargoyle Berserker)              Turns: 17514, Time: 00:23:21

Health: 0/101      AC: 37    Str: 29    XL:     15   Next: 43%
Magic:  0/15       EV: 14    Int: 15    God:    Trog [******]
Gold:   1651       SH:  0    Dex:  9    Spells: 14/14 levels left

rFire    . . .     SeeInvis +   B - +5 broad axe of the Sun {venom, SInv}
rCold    . . .     Gourm    .   (no shield)
rNeg     + . .     Faith    .   b - +4 plate armour
rPois    ∞         Spirit   .   o - +2 hat {Int+3}
rElec    +         Reflect  .   I - scarf {cloud immunity}
rCorr    .         Harm     .   (no gloves)
MR       +++..                  (no boots)
Stlth    ..........             p - amulet "Gulurgh" {*Slow +Rage Str+2 Int+4 Slay+5}
HPRegen  1.26/turn              G - +4 ring of protection
MPRegen  0.14/turn              x - +1 ring of evasion

@: flying, regenerating
A: big wings, negative energy resistance 1, electricity resistance, unbreathing,
petrification resistance, rot immunity, AC +11
a: Stop Flying, Berserk, Trog's Hand, Brothers in Arms, Renounce Religion, Evoke
Berserk Rage


You were on level 15 of the Dungeon.
You worshipped Trog.
Trog was exalted by your worship.
You were very hungry.

You visited 3 branches of the dungeon, and saw 22 of its levels.

You collected 1651 gold pieces.

Inventory:

Hand Weapons
 a - a +9 war axe of draining
 z - a +3 broad axe of chopping
 B - the +5 broad axe of the Sun (weapon) {venom, SInv}
   (Trog gifted it to you on level 9 of the Dungeon)

   It poisons the flesh of those it strikes.
   It lets you see invisible.
 F - a +4 battleaxe
 K - a +6 antimagic executioner's axe
 N - a +7 antimagic executioner's axe
Armour
 b - a +4 plate armour (worn)
 o - a +2 hat of intelligence (worn)
 I - a scarf of cloud immunity (worn)
Jewellery
 p - the amulet "Gulurgh" (around neck) {*Slow +Rage Str+2 Int+4 Slay+5}
   (You found it on level 4 of the Dungeon)

   [amulet of rage]

   It affects your strength (+2).
   It affects your intelligence (+4).
   It affects your accuracy and damage with ranged weapons and melee attacks
   (+5).
   It lets you go berserk.
   It may slow you when you take damage.
 q - an uncursed ring of protection from cold
 t - a +4 ring of strength
 x - a +1 ring of evasion (right hand)
 G - a +4 ring of protection (left hand)
 J - a +4 ring of dexterity
Wands
 n - a wand of paralysis (50)
 r - a wand of iceblast (20)
 u - a wand of random effects (24)
 v - a wand of clouds (6)
 w - a wand of digging (8)
 y - a wand of scattershot (10)
 C - a wand of acid (14)
 D - a wand of flame (19)
Scrolls
 d - 14 scrolls of remove curse
 e - 5 scrolls of magic mapping
 f - 2 scrolls of fear
 h - a scroll of holy word
 k - 11 scrolls of teleportation
 A - 5 scrolls of blinking
 H - 5 scrolls of identify
 L - a scroll of summoning {unknown}
 M - a scroll of silence {unknown}
Potions
 g - 8 potions of curing
 i - 2 potions of might
 j - 4 potions of haste
 l - a potion of resistance
 m - 2 potions of berserk rage
 s - 3 potions of agility
 E - 3 potions of ambrosia
Comestibles
 c - 41 rations


   Skills:
 + Level 14.6 Fighting
 + Level 12.6 Axes
 + Level 14.5 Armour
 + Level 11.5 Dodging


You had 14 spell levels left.
You didn't know any spells.
Your spell library was empty.

Dungeon Overview and Level Annotations

Branches:
Dungeon (15/15)            Temple (1/1) D:6            Lair (6/6) D:8
 Shoals (0/4) Lair:4       Spider (0/4) Lair:2        Slime (0/5) Lair:5
    Orc (0/2) D:10         Vaults (0/5) D:13
 Depths: D:15

Altars:
Cheibriados
Dithmenos
Elyvilon
Gozag
Hepliaklqana
Makhleb
Nemelex Xobeh
Okawaru
Qazlal
Sif Muna
Trog
Vehumet
Xom
Yredelemnul

Shops:
D:14 =?:

Annotations:
D:7 1 runed translucent door, MollyMolluskus's ghost, novice OpFi
D:8 3 runed translucent doors, caranvelle's ghost, novice GnWz
D:9 3 runed translucent doors, Morgon's ghost, novice DrCj; taoistronin's ghost, novice MiBe
Lair:4 3 runed translucent doors, UltraMegaBob's ghost, journeyman MiFi


Innate Abilities, Weirdness & Mutations

You are resistant to torment.
Your stone body is resilient. (AC +11)
You are immune to poison.
Your large and strong wings let you fly indefinitely.
You resist negative energy. (rN+)
You are resistant to electric shocks. (rElec)
You can survive without breathing.
You are immune to petrification.
You are immune to rotting.


Message History

* * * LOW HITPOINT WARNING * * *
The 13-headed hydra bites you but does no damage.
The 13-headed hydra closely misses you. The 13-headed hydra barely misses you.
The 13-headed hydra bites you but does no damage.
The 13-headed hydra bites you.
* * * LOW HITPOINT WARNING * * *
You feel better. The 13-headed hydra barely misses you.
The 13-headed hydra bites you but does no damage.
The 13-headed hydra misses you.
The 13-headed hydra bites you but does no damage.
The 13-headed hydra completely misses you.
The 13-headed hydra bites you.
* * * LOW HITPOINT WARNING * * *
The 13-headed hydra bites you!
* * * LOW HITPOINT WARNING * * *
The 13-headed hydra bites you but does no damage.
The 13-headed hydra barely misses you.
The 13-headed hydra bites you but does no damage.
The 13-headed hydra bites you.
You die...

≈≈≈≈ ≈≈≈o #≈H# ##≈≈##
##≈≈G≈## ####≈≈†o≈≈####;
..}..≈T;≈......
######WD####### #.@# ##.##
############ #..#######
...........######.##....#+##
...............##..#.......#
............##.###.#.......#
..<.....!...##.# #.........#
............##.# ##........#
.##.........##.# #........#


You could see a 13-headed hydra, a manticore, an eye of draining, a shadow
(invisible), an electric eel, an orc priest, an orc and a friendly iron troll
(berserk).

Vanquished Creatures
  Gastronok (D:11)
  Kirke (D:12)
  An ironheart preserver (D:13)
  6 hydras
  7 catoblepae
  A centaur warrior (D:14)
  Erica (D:9)
  9 death yaks (Lair:6)
  6 two-headed ogres
  A fire crab (shapeshifter) (D:13)
  An unseen horror (D:11)
  A deep elf mage (D:7)
  An orb spider (Lair:2)
  9 ugly things
  8 cyclopes
  3 manticores
  6 elephants
  Maurice (D:10)
  4 black mambas
  9 spiny frogs
  2 gargoyles
  A torpor snail (Lair:6)
  5 rime drakes
  3 yaktaurs (D:13)
  5 komodo dragons
  A kobold demonologist (D:12)
  A harpy zombie (D:13)
  3 trolls
  16 blink frogs
  A hornet (D:12)
  A meliai zombie (D:15)
  A harpy skeleton (D:12)
  A snapping turtle (Lair:4)
  5 dream sheep (Lair:6)
  9 hippogriffs
  A water elemental (D:12)
  2 wraiths
  Eustachio (D:5)
  3 wyverns
  37 yaks
  7 hogs (D:12)
  3 hungry ghosts
  2 steam dragons
  6 basilisks
  A warg (D:15)
  2 acid dragons
  A soldier ant (shapeshifter) (D:14)
  23 water moccasins
  5 porcupines
  A sky beast (D:13)
  3 eyes of draining
  4 orc warriors
  3 black bears
  A necrophage (D:11)
  6 ice beasts
  3 phantoms
  11 centaurs
  4 ogres
  14 crocodiles
  2 big kobolds
  22 bullfrogs
  Blork the orc (D:5)
  2 wyvern zombies
  5 scorpions
  22 wights
  6 killer bees
  2 electric eels
  A howler monkey (D:10)
  6 crimson imps
  5 bullfrog zombies
  A quasit (D:12)
  3 centaur zombies
  3 jellies
  4 bullfrog skeletons
  A gnoll shaman (D:4)
  4 orc priests
  2 centaur skeletons
  6 hounds
  10 orc wizards
  An iguana (D:14)
  8 worker ants
  A hound skeleton (D:4)
  A howler monkey zombie (D:10)
  2 worker ant zombies
  12 gnolls
  11 adders
  7 shadow imps
  An adder zombie (D:9)
  5 worms
  5 dart slugs
  8 leopard geckos
  59 orcs
  2 ball pythons
  11 giant cockroaches
  11 goblins
  9 hobgoblins
  14 jackals
  15 kobolds
  A quokka (D:7)
  7 bats
  6 frilled lizards
  A leopard gecko skeleton (D:6)
  13 rats
  5 fungi
  5 plants
605 creatures vanquished.

Vanquished Creatures (collateral kills)
  2 hydras
  A troll (D:15)
  A crimson imp (D:15)
4 creatures vanquished.

Vanquished Creatures (others)
  An orc (D:13)
  2 fungi
  3 plants
  3 withered plants (D:9)
9 creatures vanquished.

Grand Total: 618 creatures vanquished

Notes
Turn   | Place    | Note
-------+----------+-------------------------------------------
     0 | D:1      | Fang the Gargoyle Berserker began the quest for the Orb.
     0 | D:1      | Reached XP level 1. HP: 14/14 MP: 1/1
   137 | D:1      | Reached XP level 2. HP: 18/19 MP: 2/2
   414 | D:1      | Reached XP level 3. HP: 21/23 MP: 3/3
   444 | D:1      | Reached ** piety under Trog
   886 | D:2      | Reached XP level 4. HP: 14/29 MP: 4/4
   954 | D:2      | Reached XP level 5. HP: 33/33 MP: 5/5
  1335 | D:2      | Reached *** piety under Trog
  1532 | D:2      | Found a deep blue altar of Sif Muna.
  1532 | D:2      | Found a stormy altar of Qazlal.
  1944 | D:3      | Reached XP level 6. HP: 38/39 MP: 6/6
  2723 | D:4      | Found a snail-covered altar of Cheibriados.
  2779 | D:4      | Found a snail-covered altar of Cheibriados.
  2854 | D:4      | Got a transparent ruby amulet
  2855 | D:4      | Identified the amulet "Gulurgh" {*Slow +Rage Str+2 Int+4
                  | Slay+5} (You found it on level 4 of the Dungeon)
  2920 | D:4      | Reached skill level 5 in Fighting
  2923 | D:4      | Reached XP level 7. HP: 32/44 MP: 7/7
  2925 | D:4      | Reached **** piety under Trog
  3110 | D:4      | Noticed a moth of wrath
  3114 | D:4      | Found a bloodstained altar of Trog.
  3289 | D:5      | Entered Level 5 of the Dungeon
  3289 | D:5      | Found a burning altar of Makhleb.
  3289 | D:5      | Found a hazy altar of Hepliaklqana.
  3289 | D:5      | Found an iron altar of Okawaru.
  3366 | D:5      | Noticed Eustachio
  3387 | D:5      | Killed Eustachio
  3483 | D:5      | Noticed Blork the orc
  3491 | D:5      | Killed Blork the orc
  3491 | D:5      | Reached skill level 5 in Armour
  3759 | D:6      | Reached XP level 8. HP: 41/51 MP: 8/8
  3791 | D:6      | Found a staircase to the Ecumenical Temple.
  3815 | Temple   | Entered the Ecumenical Temple
  3862 | D:6      | Reached skill level 5 in Axes
  3877 | D:6      | Found a basalt altar of Yredelemnul.
  3879 | D:6      | Found a shimmering altar of Xom.
  4033 | D:6      | Found a shadowy altar of Dithmenos.
  4518 | D:7      | Reached XP level 9. HP: 57/57 MP: 9/9
  4528 | D:7      | Reached skill level 5 in Dodging
  4533 | D:7      | Paralysed by fainting for 9 turns
  4561 | D:7      | Noticed a deep elf mage
  4562 | D:7      | Noticed a manticore
  4572 | D:7      | Killed a deep elf mage
  4583 | D:7      | Killed a manticore
  4583 | D:7      | Reached ***** piety under Trog
  4782 | D:7      | Reached XP level 10. HP: 64/64 MP: 10/10
  5066 | D:7      | Found a runed translucent door.
  5074 | D:7      | Noticed MollyMolluskus's ghost (novice OpFi)
  5141 | D:7      | Found a sparkling altar of Nemelex Xobeh.
  5141 | D:7      | Found a radiant altar of Vehumet.
  5339 | D:8      | Found a runed translucent gate.
  5339 | D:8      | Found a runed translucent gate.
  5339 | D:8      | Found a runed translucent gate.
  5339 | D:8      | Noticed caranvelle's ghost (novice GnWz)
  5339 | D:8      | Noticed a ten-headed hydra
  5574 | D:8      | You fall through a shaft for 2 floors!
  5574 | D:10     | Entered Level 10 of the Dungeon
  5574 | D:10     | Noticed Maurice
  5580 | D:10     | Killed Maurice
  5628 | D:10     | Found a staircase to the Orcish Mines.
  5650 | D:10     | Found an opulent altar of Gozag.
  5995 | D:9      | Noticed Erica
  6004 | D:9      | Killed Erica
  6076 | D:9      | Reached XP level 11. HP: 63/71 MP: 11/11
  6115 | D:9      | Noticed a two-headed ogre
  6122 | D:9      | Killed a two-headed ogre
  6122 | D:9      | Reached skill level 10 in Fighting
  6268 | D:9      | Found a runed translucent gate.
  6268 | D:9      | Found a runed translucent gate.
  6268 | D:9      | Found a runed translucent gate.
  6268 | D:9      | Noticed taoistronin's ghost (novice MiBe)
  6269 | D:9      | Noticed Morgon's ghost (novice DrCj)
  6423 | D:9      | Received a gift from Trog
  6432 | D:9      | Got a polished broad axe {god gift}
  6433 | D:9      | Identified the +5 broad axe of the Sun {venom, SInv} (Trog
                  | gifted it to you on level 9 of the Dungeon)
  6655 | D:8      | Found a staircase to the Lair.
  6936 | Lair:1   | Entered Level 1 of the Lair of Beasts
  6941 | Lair:1   | Reached skill level 10 in Armour
  7083 | Lair:1   | Reached ****** piety under Trog
  7497 | Lair:1   | Found a white marble altar of Elyvilon.
  7814 | Lair:2   | Found a hole to the Spider Nest.
  7814 | Lair:2   | Noticed an orb spider
  7830 | Lair:2   | Killed an orb spider
  7830 | Lair:2   | Reached XP level 12. HP: 56/79 MP: 12/12
  8108 | Lair:2   | Noticed a four-headed hydra
  8118 | Lair:2   | Killed a nine-headed hydra
  9151 | Lair:3   | Noticed a four-headed hydra
  9161 | Lair:3   | Killed a ten-headed hydra
  9735 | Lair:4   | Noticed a catoblepas
  9743 | Lair:4   | Killed a catoblepas
  9827 | Lair:4   | Noticed a seven-headed hydra
  9838 | Lair:4   | Killed an eight-headed hydra
  9873 | Lair:4   | Noticed a four-headed hydra
  9888 | Lair:4   | Killed a 13-headed hydra
  9888 | Lair:4   | Reached skill level 10 in Axes
 10028 | Lair:4   | Found a runed translucent gate.
 10131 | Lair:4   | Found a staircase to the Shoals.
 10243 | Lair:4   | Noticed a six-headed hydra
 10256 | Lair:4   | Killed a ten-headed hydra
 10492 | Lair:4   | Found a runed translucent gate.
 10493 | Lair:4   | Found a runed translucent gate.
 10500 | Lair:4   | Noticed UltraMegaBob's ghost (journeyman MiFi)
 10627 | Lair:5   | Reached XP level 13. HP: 86/86 MP: 13/13
 10882 | Lair:5   | Found a staircase to the Slime Pits.
 10951 | Lair:5   | Received a gift from Trog
 11459 | Lair:6   | Entered Level 6 of the Lair of Beasts
 11698 | Lair:6   | Reached skill level 10 in Dodging
 12259 | Lair:6   | Gained mutation: Your large and strong wings let you fly
                  | indefinitely. [Gargoyle growth]
 12259 | Lair:6   | Reached XP level 14. HP: 72/94 MP: 14/14
 12309 | Lair:6   | Received a gift from Trog
 13466 | D:11     | Noticed Gastronok
 13485 | D:11     | Killed Gastronok
 14662 | D:12     | Noticed Kirke
 14675 | D:12     | Killed Kirke
 14991 | D:12     | Received a gift from Trog
 15470 | D:13     | Reached XP level 15. HP: 100/100 MP: 15/15
 15503 | D:13     | Found a gate to the Vaults.
 15723 | D:14     | Found Fuet's Magic Scroll Emporium.
 15778 | D:14     | Found Upsir's Jewellery Shop.
 16245 | D:14     | Found Aryeve's Book Shop.
 16730 | D:15     | Entered Level 15 of the Dungeon
 17490 | D:15     | Received a gift from Trog
 17511 | D:15     | HP: 2/101 [orc priest/divine providence[an orc knight]
                  | (15)]
 17514 | D:15     | Slain by a 13-headed hydra

Skill      XL: |  1  2  3  4  5  6  7  8  9 10 11 12 13 14 |
---------------+-------------------------------------------+-----
Axes           | 3 4 5 6 8 9 10 11 12 | 12.6
Dodging        | 2 3 4 5 7 8 9 10 11 | 11.5
Fighting       | 4 5 7 8 9 10 12 13 14 | 14.6
Armour         | 3 4 5 6 7 9 10 11 13 14 | 14.5

Action                   |  1- 3 |  4- 6 |  7- 9 | 10-12 | 13-15 || total
-------------------------+-------+-------+-------+-------+-------++-------
Melee: Hand axe          |   129 |   160 |       |       |       ||   289
       War axe           |       |    39 |   229 |   203 |       ||   471
       Broad axe         |       |       |       |   255 |   697 ||   952
Invok: Berserk           |     1 |     3 |     2 |     7 |     5 ||    18
       Trog's Hand       |       |     1 |     1 |       |     2 ||     4
       Brothers in Arms  |       |       |       |     1 |     1 ||     2
 Abil: Fly               |       |       |       |       |     1 ||     1
  Use: Scroll            |       |       |     9 |    21 |     7 ||    37
       Potion            |       |       |     1 |       |     5 ||     6
 Stab: Petrified         |       |       |       |       |    15 ||    15
  Eat: Chunk             |       |    10 |     9 |    22 |    31 ||    72
       Ration            |       |       |     1 |     1 |       ||     2
Armor: Animal skin       |    19 |       |       |       |       ||    19
       Plate armour      |    56 |   187 |   213 |   420 |   613 ||  1489
Dodge: Dodged            |    70 |   119 |   132 |   329 |   565 ||  1215
